 Dungeon Crawl Stone Soup version 0.30.1-11-g7821555f0a (webtiles) character file.

Game seed: 13932567101634419037

159 safid the Chiller (level 5, 0/40 HPs)
             Began as a Merfolk Ice Elementalist on Nov 13, 2023.
             Killed by nerve-wracking pain
             ... invoked by an orc priest
              (4 damage)
             ... on level 4 of the Dungeon.
             The game lasted 00:03:37 (1032 turns).

safid the Chiller (Merfolk Ice Elementalist)        Turns: 1032, Time: 00:03:38

Health: 0/40       AC:  4    Str:  8    XL:     5   Next: 40%
Magic:  7/9        EV: 12    Int: 16    God:
Gold:   57         SH:  0    Dex: 15    Spells: 6/10 levels left

rFire   . . .        j - +2 dagger (venom)
rCold   . . .        (no shield)
rNeg    + . .        i - +1 robe {rN+}
rPois   .            a - +0 helmet
rElec   .            (no cloak)
rCorr   .            (no gloves)
SInv    .            (no boots)
Will    .....        (no amulet)
Stlth   ++           (no ring)
HPRegen 0.26/turn    (no ring)
MPRegen 0.11/turn

%: no passive effects
@: lethally poisoned (0 -> -4), very slightly contaminated
A: (nimble swimmer 2), mertail
a: no special abilities


You were on level 4 of the Dungeon.
You visited 1 branch of the dungeon, and saw 3 of its levels.

You collected 57 gold pieces.

Inventory:

Hand Weapons
 j - a +2 dagger of venom (weapon)
Armour
 a - a +0 helmet (worn)
 i - a +1 robe of positive energy (worn)
Scrolls
 f - a scroll of vulnerability {unknown}
 g - a scroll of teleportation {unknown}
 h - a scroll of acquirement {unknown}
Potions
 c - a potion of ambrosia {unknown}
 e - a potion of flight {unknown}


   Skills:
 + Level 2.9 Fighting
 - Level 2.6 Dodging
 - Level 2.1 Stealth
 + Level 3.3 Spellcasting
 + Level 5.4 Ice Magic


You had 6 spell levels left.
You knew the following spells:

 Your Spells              Type           Power      Damage    Failure   Level
a - Freeze                Ice            80%        1d9       1%          1
b - Frozen Ramparts       Ice            40%        1d7       6%          3

Your spell library contained the following spells:

 Spells                   Type           Power      Damage    Failure   Level
 Ozocubu's Armour         Ice            20%        N/A       6%          3
 Summon Ice Beast         Ice/Summ       11%        N/A       52%         4


Dungeon Overview and Level Annotations

Branches:
Dungeon (4/15)
 Temple: D:4-7

Altars:
Dithmenos


Innate Abilities, Weirdness & Mutations

((You are very nimble when in or above water. (Stealth+, EV+, Speed+++)))
Your lower body shifts to a powerful aquatic tail in water.


Message History

The adder bites you but does no damage.
You barely miss the adder.
The adder is severely wounded.
The adder completely misses you.
The orc priest hits you with a +0 short sword.
* * * LOW HITPOINT WARNING * * *
Unknown command.
You barely miss the adder.
The adder is severely wounded.
The adder bites you.
* * * LOW HITPOINT WARNING * * *
The orc priest closely misses you.
Unknown command.
Magic courses through your body. The adder bites you.
* * * LOW HITPOINT WARNING * * *
You are lethally poisoned!
The adder poisons you!
The orc priest hits you but does no damage.
Casting: Freeze (safe; 1% risk of failure)
Confirm with . or Enter, or press ? or * to list all spells.
Aiming: Freeze (safe; 1% risk of failure)
Press: ? - help, Shift-Dir - straight line, f/p - adder
Aim: an adder (severely wounded, slow)
You freeze the adder.
The adder is almost dead.
* * * LOW HITPOINT WARNING * * *
You feel sick. The adder bites you but does no damage.
The orc priest misses you.
Casting: Freeze (safe; 1% risk of failure)
Confirm with . or Enter, or press ? or * to list all spells.
Aiming: Freeze (safe; 1% risk of failure)
Press: ? - help, Shift-Dir - straight line, f/p - adder
Aim: an adder (almost dead, slow)
You freeze the adder.
You kill the adder!
* * * LOW HITPOINT WARNING * * *
You feel sick.
The orc priest calls down the wrath of Beogh upon you.
Pain shoots through your body!
You die...

###### #....# #....#
.## #....#
....#....# ######
....#....###....# .
...............#
.....#....###)o..###
.....#o...# #@.....#
..........# #....#.#
......S#### #....#.#
....... #######.###
....... #.........#
#######
#.........######
#.........^.....
#..........####
#...$....))#####


You could see an orc priest.

Vanquished Creatures
  An orc priest (D:4)
  Jessica (D:2)
  2 orc wizards (D:4)
  2 adders (D:4)
  A dart slug (D:1)
  6 orcs (D:4)
  3 ball pythons
  5 bats
  2 endoplasms (D:1)
  A giant cockroach (D:1)
  2 goblins (D:1)
  3 hobgoblins
  4 quokkas
  2 frilled lizards (D:1)
  2 kobolds
  3 rats
40 creatures vanquished.

Notes
Turn   | Place    | Note
-------+----------+-------------------------------------------
     0 | D:1      | safid the Merfolk Ice Elementalist began the quest for the
                  | Orb.
     0 | D:1      | Reached XP level 1. HP: 13/13 MP: 3/3
   117 | D:1      | Reached XP level 2. HP: 12/20 MP: 3/5
   157 | D:1      | Reached skill level 1 in Fighting
   447 | D:1      | Found a faded altar of an unknown god.
   465 | D:1      | Reached XP level 3. HP: 10/26 MP: 0/6
   682 | D:2      | Noticed Jessica
   685 | D:2      | Killed Jessica
   726 | D:2      | Reached skill level 5 in Ice Magic
   791 | D:2      | Found a shadowy altar of Dithmenos.
   811 | D:2      | Reached XP level 4. HP: 33/33 MP: 6/8
   842 | D:2      | You fall into a shaft and drop 2 floors!
   933 | D:4      | Learned a level 3 spell: Frozen Ramparts
   989 | D:4      | Reached XP level 5. HP: 10/39 MP: 0/9
  1032 | D:4      | Killed from afar by an orc priest

Illustrated notes

Levels and vault maps discovered:
D:1:      minmay_arrival_glassed_features, layout_rooms,
          shapermc_ecumenical_altar_venn
D:2:      layout_rooms, basic_altar, chequers_arboretum, uniq_jessica
D:4:      layout_basic, mainiacjoe_overflow_alcove_2,
          nicolae_ossuary_entry_catacombs, serial_shops,
          nicolae_shop_advertising_works [nicolae_subvault_shop_adworks],
          item_on_display_a

Skill      XL: |  1  2  3  4 |
---------------+-------------+-----
Fighting       | 1 2 |  2.9
Ice Magic      | 5 |  5.4
Spellcasting   | 3 |  3.3
Dodging        | |  2.6
Stealth        | |  2.1

Action                     |  1- 3 |  4- 6 || total
---------------------------+-------+-------++-------
  Melee: Hand axe          |    75 |    12 ||    87
         Punch             |     1 |       ||     1
         Dagger            |       |     9 ||     9
   Cast: Freeze            |    14 |    18 ||    32
         Frozen Ramparts   |       |     1 ||     1
    Use: Potion            |       |     1 ||     1
   Stab: Sleeping          |     3 |       ||     3
 Armour: Robe              |    24 |    11 ||    35
  Dodge: Dodged            |    71 |    17 ||    88
